 Dungeon Crawl Stone Soup version 0.23-a0-586-gacb4b3f (webtiles) character file.

6486 Leeroy the Magician (level 11, -3/84 HPs)
             Began as a Gnoll Skald on Dec 17, 2018.
             Was an Elder of Okawaru.
             Shot with an arrow by a centaur warrior (7 damage)
             ... on level 10 of the Dungeon on Dec 18, 2018.
             The game lasted 00:39:56 (8665 turns).

Leeroy the Magician (Gnoll Skald)                   Turns: 8665, Time: 00:39:57

Health: -3/84      AC: 17    Str: 13    XL:     11   Next: 0%
Magic:  22/22      EV: 15    Int: 24    God:    Okawaru [****..]
Gold:   133        SH:  5    Dex: 15    Spells: 14/25 levels left

rFire    . . .     SeeInvis .   D - +9 sword of Zonguldrok {reap}
rCold    . . .     Gourm    .   (no shield)
rNeg     . . .     Faith    .   e - +0 swamp dragon scales
rPois    +         Spirit   .   N - +0 helmet
rElec    .         Reflect  +   l - +2 cloak
rCorr    .         Harm     .   H - +0 pair of gloves
MR       .....                  (no boots)
Stlth    ++........             C - +5 amulet of reflection
HPRegen  0.24/turn              m - +3 ring of protection
MPRegen  0.18/turn              (no ring)

@: brilliant
A: distributed training, fangs 1, strong nose
a: Heroism, Renounce Religion


You were on level 10 of the Dungeon.
You worshipped Okawaru.
Okawaru was greatly pleased with you.
You were very hungry.

You visited 2 branches of the dungeon, and saw 11 of its levels.

You collected 484 gold pieces.
You spent 351 gold pieces at shops.

Inventory:

Hand Weapons
 a - a +1 spear of piercing
 b - a +2 hand crossbow of velocity
 s - a +0 short sword
 D - the +9 sword of Zonguldrok (weapon) {reap}
   (You found it on level 4 of the Dungeon)

   If a monster killed with it leaves a corpse in good enough shape, the corpse
   will be animated as a zombie friendly to the killer.
 F - a +1 dire flail of protection
 Q - a +0 blowgun
 S - a +0 shortbow
 U - a +2 scimitar of electrocution
 W - a +0 scimitar
 X - a +1 war axe of chopping
Missiles
 c - 58 poisoned needles
 g - 243 arrows
 j - 314 stones
 J - 16 tomahawks (quivered)
 L - 7 throwing nets
 O - 91 bolts
 R - 4 javelins
Armour
 e - +0 swamp dragon scales (worn)
 l - a +2 cloak (worn)
 H - a +0 pair of gloves (worn)
 N - a +0 helmet (worn)
 Z - a +3 plate armour
Jewellery
 m - a +3 ring of protection (left hand)
 r - an uncursed ring of poison resistance
 w - a +4 ring of dexterity
 C - a +5 amulet of reflection (around neck)
Wands
 o - a wand of paralysis (7)
 x - a wand of flame (16)
 B - a wand of iceblast (16)
Scrolls
 h - a scroll of amnesia {unknown}
 k - 3 scrolls of magic mapping {unknown}
 n - 4 scrolls of teleportation
 t - a scroll of enchant armour {unknown}
 y - 4 scrolls of remove curse {unknown}
 E - a scroll of enchant weapon {unknown}
 G - a scroll of noise {unknown}
 P - 2 scrolls of fear {unknown}
 Y - a scroll of fog {unknown}
Potions
 f - a potion of invisibility {unknown}
 i - a potion of lignification
 p - a potion of agility {unknown}
 q - 2 potions of curing
 u - a potion of brilliance
 v - 2 potions of magic {unknown}
 z - 2 potions of degeneration
 A - a potion of cancellation
 I - a potion of heal wounds {unknown}
 K - a potion of might
 V - a potion of flight {unknown}
Miscellaneous
 T - a fan of gales
Comestibles
 d - 17 rations


   Skills:
 + Level 7.4 Fighting
 + Level 5.7 Short Blades
 + Level 7.4 Long Blades
 + Level 5.7 Axes
 + Level 5.7 Maces & Flails
 + Level 5.7 Polearms
 + Level 5.7 Staves
 + Level 5.7 Slings
 + Level 5.7 Bows
 + Level 5.7 Crossbows
 + Level 5.7 Throwing
 + Level 6.3 Armour
 + Level 7.4 Dodging
 + Level 5.7 Stealth
 + Level 5.7 Shields
 + Level 5.7 Unarmed Combat
 + Level 7.7 Spellcasting
 + Level 4.7 Conjurations
 + Level 4.7 Hexes
 + Level 7.3 Charms
 + Level 4.7 Summonings
 + Level 4.7 Necromancy
 + Level 4.7 Translocations
 + Level 4.7 Transmutations
 + Level 4.7 Fire Magic
 + Level 4.7 Ice Magic
 + Level 4.7 Air Magic
 + Level 4.7 Earth Magic
 + Level 4.7 Poison Magic
 + Level 6.2 Invocations
 + Level 5.7 Evocations


You had 14 spell levels left.
You knew the following spells:

 Your Spells              Type           Power        Failure   Level  Hunger
a - Infusion              Chrm           ####         1%          1    None
b - Song of Slaying       Chrm           ######..     1%          2    None
c - Shroud of Golubria    Chrm/Tloc      ######....   1%          2    None
d - Regeneration          Chrm/Necr      ######....   1%          3    None
e - Spectral Weapon       Hex/Chrm       ######..     1%          3    None

Your spell library contained the following spells:

 Spells                   Type           Power        Failure   Level  Hunger


Dungeon Overview and Level Annotations

Branches:
Dungeon (10/15)            Temple (1/1) D:7
   Lair: D:8-11         Orc: D:9-12

Altars:
Ashenzari
Cheibriados
Dithmenos
Elyvilon
Fedhas
Gozag
Hepliaklqana
Kikubaaqudgha
Makhleb
Nemelex Xobeh
Okawaru
Qazlal
Ru
Sif Muna
Trog
Uskayaw
Vehumet
Wu Jian
Xom
Yredelemnul
Zin
The Shining One
Beogh

Shops:
D:7 (   D:9 ?

Annotations:
D:7 2 transporters


Innate Abilities, Weirdness & Mutations

Your experience applies equally to all skills.
You have very sharp teeth.
Your uncanny sense of smell can sniff out nearby items.


Message History

You feel strangely unstable.
It was a scroll of teleportation.
Your surroundings suddenly seem different.
A centaur warrior comes into view.
The centaur warrior shouts!
A centaur comes into view.
The centaur warrior hits you but does no damage.
A scorpion comes into view.
Found 14 stones and a ration.
Found a stone staircase leading up.
A manticore comes into view.
The centaur shouts!
The centaur warrior wields a +0 longbow.
The centaur warrior shoots an arrow.
The arrow hits you!!
* * * LOW HITPOINT WARNING * * *
Things that are here:
an arrow; 14 stones; 21 stones Unknown command.
It was a potion of brilliance.
You feel clever all of a sudden.
The centaur warrior shoots an arrow.
The arrow hits you!
You die...

## ..#
.% ∆ #c
∆ H####
#c..##
∆#.#..#
#@s#
##.....#
##...#
...#
..'< .##
.#


You could see a centaur warrior, a manticore, a centaur and a scorpion.

Vanquished Creatures
  Harold (D:9)
  An unseen horror (D:10)
  A merfolk (D:9)
  A hornet (D:9)
  Grinder (D:5)
  A hippogriff (D:8)
  2 wyverns (D:8)
  6 yaks (D:9)
  Edmund (D:4)
  2 water moccasins
  A black bear (D:8)
  A sky beast (D:9)
  2 orc warriors
  A necrophage (D:8)
  3 ogres
  3 phantoms
  4 centaurs
  A big kobold (D:7)
  A gnoll sergeant (D:7)
  2 bullfrogs (D:7)
  3 scorpions
  5 howler monkeys
  2 crimson imps
  A jelly (D:6)
  2 orc priests
  4 hounds
  8 orc wizards
  Terence (D:2)
  An iguana (D:6)
  7 worker ants
  2 hound skeletons
  A worker ant zombie (D:6)
  10 gnolls
  A howler monkey skeleton (D:3)
  15 adders
  A shadow imp (D:6)
  An ooze (D:3)
  An adder skeleton (D:6)
  An adder zombie (D:9)
  6 worms
  A dart slug (D:2)
  4 leopard geckos
  25 orcs
  2 ball pythons
  4 giant cockroaches
  2 goblins
  8 hobgoblins
  4 jackals
  9 bats
  6 frilled lizards
  8 kobolds
  A leopard gecko zombie (D:5)
  2 quokka zombies
  12 rats
197 creatures vanquished.

Vanquished Creatures (collateral kills)
  A gnoll sergeant (D:8)
  An orc priest (D:5)
  2 orc wizards
  A centaur skeleton (D:7)
  A hound skeleton (D:8)
  3 gnolls
  2 orcs
  A jackal (D:7)
  5 kobolds (D:7)
17 creatures vanquished.

Grand Total: 214 creatures vanquished

Notes
Turn   | Place    | Note
-------+----------+-------------------------------------------
     0 | D:1      | Leeroy the Gnoll Skald began the quest for the Orb.
     0 | D:1      | Reached XP level 1. HP: 20/20 MP: 6/6
   164 | D:1      | Reached XP level 2. HP: 26/26 MP: 7/7
   174 | D:1      | Learned a level 2 spell: Song of Slaying
   177 | D:1      | Learned a level 2 spell: Shroud of Golubria
   732 | D:1      | Reached XP level 3. HP: 29/31 MP: 9/9
   737 | D:1      | Reached skill level 5 in Spellcasting
   948 | D:2      | Noticed a +0 dagger
   948 | D:2      | Noticed a +0 hand axe
   951 | D:2      | Found a hide-covered altar of Uskayaw.
   979 | D:2      | Reached skill level 1 in Invocations
  1057 | D:2      | Reached skill level 1 in Short Blades
  1057 | D:2      | Reached skill level 1 in Axes
  1057 | D:2      | Reached skill level 1 in Maces & Flails
  1057 | D:2      | Reached skill level 1 in Polearms
  1057 | D:2      | Reached skill level 1 in Staves
  1057 | D:2      | Reached skill level 1 in Slings
  1057 | D:2      | Reached skill level 1 in Bows
  1057 | D:2      | Reached skill level 1 in Crossbows
  1057 | D:2      | Reached skill level 1 in Throwing
  1057 | D:2      | Reached skill level 1 in Stealth
  1057 | D:2      | Reached skill level 1 in Shields
  1057 | D:2      | Reached skill level 1 in Unarmed Combat
  1057 | D:2      | Reached skill level 1 in Evocations
  1143 | D:2      | Reached XP level 4. HP: 38/38 MP: 11/11
  1189 | D:2      | Noticed Terence
  1268 | D:2      | Killed Terence
  1268 | D:2      | Reached skill level 1 in Conjurations
  1268 | D:2      | Reached skill level 1 in Hexes
  1268 | D:2      | Reached skill level 1 in Summonings
  1268 | D:2      | Reached skill level 1 in Necromancy
  1268 | D:2      | Reached skill level 1 in Translocations
  1268 | D:2      | Reached skill level 1 in Transmutations
  1268 | D:2      | Reached skill level 1 in Fire Magic
  1268 | D:2      | Reached skill level 1 in Ice Magic
  1268 | D:2      | Reached skill level 1 in Air Magic
  1268 | D:2      | Reached skill level 1 in Earth Magic
  1268 | D:2      | Reached skill level 1 in Poison Magic
  1286 | D:2      | Learned a level 3 spell: Regeneration
  1290 | D:2      | Learned a level 3 spell: Spectral Weapon
  1316 | D:2      | Reached XP level 5. HP: 22/43 MP: 12/12
  1450 | D:2      | Found a sparkling altar of Nemelex Xobeh.
  2353 | D:3      | Upgraded the game from 0.23-a0-584-g44dd78f to
                  | 0.23-a0-586-gacb4b3f
  2412 | D:4      | Reached XP level 6. HP: 44/50 MP: 9/13
  2525 | D:4      | Reached skill level 5 in Fighting
  2525 | D:4      | Reached skill level 5 in Long Blades
  2525 | D:4      | Reached skill level 5 in Dodging
  2579 | D:4      | Noticed Edmund
  2599 | D:4      | Killed Edmund
  2599 | D:4      | Reached XP level 7. HP: 36/56 MP: 8/15
  2917 | D:4      | Found an iron altar of Okawaru.
  2919 | D:4      | Found the +9 sword of Zonguldrok {reap}
  3275 | D:5      | Entered Level 5 of the Dungeon
  3369 | D:5      | Found a faded altar of an unknown god.
  3369 | D:5      | Found a blossoming altar of Fedhas.
  3376 | D:5      | Found a stormy altar of Qazlal.
  3381 | D:5      | Found a shimmering altar of Xom.
  3382 | D:5      | Found an opulent altar of Gozag.
  3505 | D:5      | Reached XP level 8. HP: 63/63 MP: 16/16
  3722 | D:5      | Noticed Grinder
  3742 | D:5      | Killed Grinder
  4114 | D:4      | Became a worshipper of Warmaster Okawaru
  4802 | D:7      | Found a staircase to the Ecumenical Temple.
  4817 | Temple   | Entered the Ecumenical Temple
  4925 | D:7      | Reached * piety under Okawaru
  4937 | D:7      | Reached XP level 9. HP: 69/69 MP: 18/18
  5108 | D:7      | Found a transporter.
  5109 | D:7      | Noticed an ogre mage
  5111 | D:7      | Found a roughly hewn altar of Beogh.
  5111 | D:7      | Found a transporter.
  5217 | D:7      | Found Erumiewo's Antique Weapon Shoppe.
  5220 | D:7      | Bought a runed scimitar for 182 gold pieces
  5675 | D:6      | Found an ornate altar of the Wu Jian Council.
  6572 | D:8      | Reached skill level 5 in Armour
  6693 | D:8      | Reached ** piety under Okawaru
  6990 | D:8      | Reached skill level 5 in Invocations
  7169 | D:9      | Reached XP level 10. HP: 53/77 MP: 20/20
  7185 | D:9      | Paralysed by a hornet for 3 turns
  7193 | D:9      | Paralysed by a hornet for 3 turns
  7203 | D:9      | Reached *** piety under Okawaru
  7385 | D:9      | Noticed Harold
  7398 | D:9      | Killed Harold
  7398 | D:9      | Reached skill level 5 in Short Blades
  7398 | D:9      | Reached skill level 5 in Axes
  7398 | D:9      | Reached skill level 5 in Maces & Flails
  7398 | D:9      | Reached skill level 5 in Polearms
  7398 | D:9      | Reached skill level 5 in Staves
  7398 | D:9      | Reached skill level 5 in Slings
  7398 | D:9      | Reached skill level 5 in Bows
  7398 | D:9      | Reached skill level 5 in Crossbows
  7398 | D:9      | Reached skill level 5 in Throwing
  7398 | D:9      | Reached skill level 5 in Stealth
  7398 | D:9      | Reached skill level 5 in Shields
  7398 | D:9      | Reached skill level 5 in Unarmed Combat
  7398 | D:9      | Reached skill level 5 in Evocations
  7551 | D:9      | Found Yckisoeck's Magic Scroll Shop.
  7757 | D:9      | Reached **** piety under Okawaru
  7870 | D:9      | Found a deep blue altar of Sif Muna.
  8274 | D:7      | Bought a runed hand crossbow for 169 gold pieces
  8378 | D:10     | Entered Level 10 of the Dungeon
  8622 | D:10     | Killed an unseen horror
  8622 | D:10     | Reached XP level 11. HP: 31/84 MP: 16/22
  8663 | D:10     | Noticed a centaur warrior
  8664 | D:10     | Noticed a manticore
  8664 | D:10     | HP: 4/84 [centaur warrior/arrow (26)]
  8665 | D:10     | Shot with an arrow by a centaur warrior

Vault maps used:
D:1:      psy_arrival_terrarium
D:2:      dancing_weapons_uskayaw, nicolae_overflow_hidden_temple, uniq_terence
D:4:      okawaru_ov_weapons_minmay, kennysheep_generic_room_9, uniq_edmund
D:5:      chequers_temple_overflow_minitemple, first_ration, uniq_grinder
D:6:      nicolae_overflow_crystal_walls
D:7:      gammafunk_beogh_shrine, minmay_temple_entry_statues_fountains,
          serial_shops, nicolae_shop_crystal
D:9:      lemuel_blue_sif_altar, serial_shops, shop, hangedman_fish_farm,
          chequers_serial_rivers_micro_d, uniq_harold
D:10:     david_lair_generic, basic_altar, serial_shops, shop, minmay_bent
Temple:   cyrus_circular_temple

Skill      XL: |  1  2  3  4  5  6  7  8  9 10 |
---------------+-------------------------------+-----
Spellcasting   | 5 6 7 |  7.7
Invocations    | 1 2 3 4 5 6 |  6.2
Short Blades   | 1 2 3 4 5 |  5.7
Axes           | 1 2 3 4 5 |  5.7
Maces & Flails | 1 2 3 4 5 |  5.7
Polearms       | 1 2 3 4 5 |  5.7
Staves         | 1 2 3 4 5 |  5.7
Slings         | 1 2 3 4 5 |  5.7
Bows           | 1 2 3 4 5 |  5.7
Crossbows      | 1 2 3 4 5 |  5.7
Throwing       | 1 2 3 4 5 |  5.7
Stealth        | 1 2 3 4 5 |  5.7
Shields        | 1 2 3 4 5 |  5.7
Unarmed Combat | 1 2 3 4 5 |  5.7
Evocations     | 1 2 3 4 5 |  5.7
Conjurations   | 1 2 3 4 |  4.7
Hexes          | 1 2 3 4 |  4.7
Summonings     | 1 2 3 4 |  4.7
Necromancy     | 1 2 3 4 |  4.7
Translocations | 1 2 3 4 |  4.7
Transmutations | 1 2 3 4 |  4.7
Fire Magic     | 1 2 3 4 |  4.7
Ice Magic      | 1 2 3 4 |  4.7
Air Magic      | 1 2 3 4 |  4.7
Earth Magic    | 1 2 3 4 |  4.7
Poison Magic   | 1 2 3 4 |  4.7
Armour         | 3 4 5 6 |  6.3
Fighting       | 5 6 7 |  7.4
Long Blades    | 5 6 7 |  7.4
Dodging        | 5 6 7 |  7.4
Charms         | 6 7 |  7.3

Action                   |  1- 3 |  4- 6 |  7- 9 | 10-12 || total
-------------------------+-------+-------+-------+-------++-------
Melee: Falchion          |   106 |   204 |       |       ||   310
       Bite              |     9 |    19 |    37 |    13 ||    78
       Punch             |     1 |     1 |     5 |     3 ||    10
       Dire flail        |       |       |    90 |       ||    90
       Double sword      |       |       |    89 |    71 ||   160
       Scimitar          |       |       |   108 |    53 ||   161
       Spear             |       |       |       |    18 ||    18
       Short sword       |       |       |       |    10 ||    10
       Glaive            |       |       |       |     1 ||     1
Throw: Stone             |       |     1 |     1 |       ||     2
       Tomahawk          |       |       |       |     3 ||     3
 Cast: Shroud of Golubri |       |     2 |       |     7 ||     9
       Spectral Weapon   |       |     2 |     2 |       ||     4
       Regeneration      |       |       |     1 |     6 ||     7
       Song of Slaying   |       |       |       |     1 ||     1
  Use: Scroll            |     1 |     4 |     5 |     3 ||    13
       Potion            |       |       |       |     8 ||     8
 Stab: Sleeping          |       |     1 |     6 |     2 ||     9
       Distracted        |       |     1 |       |     1 ||     2
  Eat: Chunk             |     1 |     5 |     7 |     2 ||    15
       Ration            |       |       |     2 |     1 ||     3
Armor: Swamp dragon scal |    56 |    73 |   137 |   112 ||   378
       Skin              |       |       |       |     9 ||     9
Dodge: Dodged            |    86 |   123 |   204 |    94 ||   507
Block: Other             |       |    19 |    70 |    30 ||   119
       Reflection        |       |       |     1 |       ||     1
       Rpst.: Falchion   |    26 |    46 |       |       ||    72
       Double sword      |       |       |    16 |     8 ||    24
       Scimitar          |       |       |    17 |    16 ||    33

Table legend:
 A = Non-vault XP
 B = Vault XP
 C = Vault XP percentage of total XP
 D = Non-vault monster count
 E = Vault monster count
 F = Vault count percentage of total count
                 A         B        C        D         E       F
            +---------+---------+-------+---------+---------+-------
      Total |    7645 |    1621 |  17.5 |     208 |       6 |   2.8
            +---------+---------+-------+---------+---------+-------
        D:1 |      38 |       0 |   0.0 |      24 |       0 |   0.0
        D:2 |     107 |      36 |  25.2 |      21 |       1 |   4.5
        D:3 |      96 |       0 |   0.0 |      19 |       0 |   0.0
        D:4 |     438 |     165 |  27.4 |      29 |       2 |   6.5
        D:5 |     386 |     251 |  39.4 |      11 |       1 |   8.3
        D:6 |     527 |       0 |   0.0 |      20 |       0 |   0.0
        D:7 |    1032 |       0 |   0.0 |      35 |       0 |   0.0
        D:8 |    1406 |       0 |   0.0 |      17 |       0 |   0.0
        D:9 |    2750 |    1169 |  29.8 |      30 |       2 |   6.2
       D:10 |     865 |       0 |   0.0 |       2 |       0 |   0.0
            +---------+---------+-------+---------+---------+-------
